AoeStats
← sksarthak

Arabia

510366286Analyzed
1v1 RM · 1d ago on Sep 30, 2026· 31m 9s· 2 players
Game mode
Random Map
Map size
Tiny (2 player)
Population
200
Speed
Normal
Resources
Standard
Victory
Conquest
Starting age
Dark Age
Ending age
Imperial Age
RankedLock teamsTeams togetherTeam positionsShared explorationLock speedFull tech treeHidden civsTurbo modeCheats
Victory
Defeat
🇺🇸 Varangians · United States
1083
+15
🇺🇸 Huns · United States
1059
-15
Gramps
6:25 Loom
9:16 Feudal Age
10:56 Horse Collar
11:08 Double-Bit Axe
14:22 Fletching
22:07 Castle Age
21:31 Padded Archer Armor
21:36 Scale Mail Armor
23:01 Wheelbarrow
23:12 Pikeman
23:50 Crossbowman
sksarthak
5:38 Loom
9:06 Feudal Age
9:34 Double-Bit Axe
16:24 Wheelbarrow
19:56 Castle Age
19:18 Bloodlines
19:16 Scale Barding Armor
19:42 Horse Collar
19:56 Gold Mining
21:11 Forging
25:17 Chain Barding Armor
30:15 Iron Casting
30:06 Husbandry
Connection lost

Rejoining the realm…

Still unreachable

The connection could not be restored.

Session expired

The server has moved on; the page needs a fresh start.